 Dungeon Crawl Stone Soup version 0.21-a0-584-g185da8e (webtiles) character file.

539 sithsevirus the Gusty (level 7, -13/57 HPs)
             Began as a Purple Draconian Air Elementalist on Dec 20, 2017.
             Killed from afar by an orc wizard (18 damage)
             ... with an exploding inner flame
             ... hexed by the player character
             ... on level 4 of the Dungeon.
             The game lasted 00:22:45 (5019 turns).

sithsevirus the Gusty (DrAE)                        Turns: 5019, Time: 00:22:46

Health: -13/57     AC:  6    Str: 10    XL:     7   Next: 5%
Magic:  0/10       EV: 17    Int: 18    God:
Gold:   190        SH:  0    Dex: 11    Spells: 9/10 levels left

rFire    + . .     SeeInvis .   y - +0 morningstar
rCold    . . .     Gourm    .   (no shield)
rNeg     . . .     Faith    .   (armour unavailable)
rPois    .         Spirit   .   h - +0 hat
rElec    .         Reflect  .   p - scarf {repulsion}
rCorr    .         Harm     .   (no gloves)
MR       +....                  (no boots)
Stlth    ++........             c - amulet of rage
HPRegen  0.19/turn              e - +4 ring of evasion
MPRegen  0.12/turn              A - ring of protection from fire

@: very slightly contaminated, slowed, repel missiles, very slow
A: breathe power, unfitting armour, cold-blooded, AC +6
a: Breathe Dispelling Energy, Evoke Berserk Rage


You were on level 4 of the Dungeon.
You were hungry.

You visited 2 branches of the dungeon, and saw 5 of its levels.

You collected 190 gold pieces.

Inventory:

Hand Weapons
 r - a +1 dagger of freezing
 y - a +0 morningstar (weapon)
Missiles
 d - 3 javelins (quivered)
 g - 36 sling bullets
 u - 15 stones
 v - 4 tomahawks
Armour
 h - a +0 hat (worn)
 p - a scarf of repulsion (worn)
Jewellery
 c - an amulet of rage (around neck)
 e - a +4 ring of evasion (left hand)
 x - an uncursed ring of see invisible
 z - a +3 ring of protection {unknown}
 A - a ring of protection from fire (right hand)
Scrolls
 f - a scroll of amnesia
 i - a scroll of immolation
 j - 2 scrolls of magic mapping {unknown}
 l - 6 scrolls of remove curse {unknown}
 m - a scroll of enchant armour {unknown}
 n - a scroll of random uselessness {unknown}
 q - 2 scrolls of enchant weapon {unknown}
 w - a scroll of teleportation {unknown}
Potions
 k - a potion of mutation {unknown}
 o - a potion of heal wounds
 s - a potion of lignification {unknown}
Books
 a - a book of Air

   Spells                             Type                      Level
   a - Shock                          Conjuration/Air              1
   b - Swiftness                      Charms/Air                   2
   c - Static Discharge               Conjuration/Air              3
   d - Airstrike                      Air                          4
   e - Lightning Bolt                 Conjuration/Air              5
Comestibles
 b - 13 rations


   Skills:
 + Level 3.3 Fighting
 + Level 3.4 Dodging
 + Level 3.7 Stealth
 - Level 2.4 Spellcasting
 + Level 3.3 Conjurations
 + Level 4.4 Air Magic


You had 9 spell levels left.
You knew the following spells:

 Your Spells              Type           Power        Failure   Level  Hunger
a - Shock                 Conj/Air       ###.         3%          1    #......


Dungeon Overview and Level Annotations

Branches:
Dungeon (4/15)             Temple (1/1) D:4

Altars:
Cheibriados
Dithmenos
Elyvilon
Gozag
Hepliaklqana
Kikubaaqudgha
Makhleb
Nemelex Xobeh
Okawaru
Qazlal
Ru
Sif Muna
Uskayaw
Vehumet
Wu Jian
Xom
Zin

Annotations:
D:2 Sigmund
D:3 exclusion: ice beast


Innate Abilities, Weirdness & Mutations

You can breathe bolts of dispelling energy.
Your rich purple scales are hard. (AC +6)
You cannot fit into any form of body armour.
You are cold-blooded and may be slowed by cold attacks.


Message History

The orc wizard explodes!
The fiery explosion engulfs the orc wizard.
The orc wizard explodes!
The fiery explosion engulfs the orc wizard.
The orc wizard explodes!
The fiery explosion engulfs the orc.
You kill the orc!
The fiery explosion engulfs the orc wizard.
The orc wizard is heavily wounded.
The fiery explosion engulfs you! You resist.
* * * LOW HITPOINT WARNING * * *
The fiery explosion engulfs the orc wizard.
You kill the orc wizard!
You have reached level 7!
Your scales start taking on a rich purple colour.
You learn Spellcasting much quicker.
You learn Hexes much quicker.
You learn Charms much quicker.
You learn Evocations quicker.
You can breathe bolts of dispelling energy.
The fiery explosion engulfs you! You resist.
You die...

.............§.o....
............###....
.##...........# #.... )
...<......o...# ##### .S
.....###..##### ...#
#.h.##.### ### ....
#........#######..
..##.§####§%............
....§§§@§§§#.#......##..
....§§§#####.#.).##.....
#.####§......##.....#...
##.................
..................
..................
.............)..>.
................##
................#


You could see an adder.

Vanquished Creatures
  A scorpion (D:4)
  A howler monkey (D:4)
  A hound (D:4)
  2 orc priests
  6 orc wizards
  A worker ant (D:4)
  A hound skeleton (D:4)
  6 adders
  2 oozes (D:3)
  2 worms (D:2)
  A dart slug (D:1)
  3 leopard geckos
  14 orcs
  2 ball pythons
  4 giant cockroaches
  8 goblins
  6 hobgoblins
  8 jackals
  10 bats
  12 frilled lizards
  7 kobolds
  5 rats
103 creatures vanquished.

Vanquished Creatures (others)
  A goblin (D:2)
1 creature vanquished.

Grand Total: 104 creatures vanquished

Notes
Turn   | Place    | Note
-------+----------+-------------------------------------------
     0 | D:1      | sithsevirus the Draconian Air Elementalist began the quest for the Orb.
     0 | D:1      | Reached XP level 1. HP: 14/14 MP: 3/3
   246 | D:1      | Reached XP level 2. HP: 22/22 MP: 0/5
   697 | D:1      | Reached skill level 1 in Fighting
  1193 | D:1      | Reached XP level 3. HP: 22/28 MP: 1/6
  2037 | D:2      | Found a white marble altar of Elyvilon.
  2079 | D:2      | Noticed Sigmund
  2197 | D:2      | Found an ancient bone altar of Kikubaaqudgha.
  2266 | D:2      | Found a shadowy altar of Dithmenos.
  2312 | D:2      | Found a hide-covered altar of Uskayaw.
  2454 | D:2      | Reached XP level 4. HP: 33/35 MP: 1/7
  3212 | D:3      | Reached XP level 5. HP: 22/41 MP: 1/8
  3421 | D:3      | Noticed an ice beast
  4414 | D:3      | Found a stormy altar of Qazlal.
  4570 | D:4      | Reached skill level 4 in Air Magic
  4570 | D:4      | Reached XP level 6. HP: 41/50 MP: 3/9
  4723 | D:4      | Found a staircase to the Ecumenical Temple.
  4755 | Temple   | Entered the Ecumenical Temple
  5013 | D:4      | HP: 2/51 [orc priest/exploding inner flame[the player character] (18)]
  5019 | D:4      | Your scales start taking on a rich purple colour.
  5019 | D:4      | Reached XP level 7. HP: 5/57 MP: 0/10
  5019 | D:4      | Killed from afar by an orc wizard

Vault maps used:
D:1:      dpeg_arrival_brainrot, minmay_lizard_king
D:2:      nicolae_overflow_crystal_walls, nicolae_overflow_hidden_temple,
          elyvilon_altar_4, uniq_sigmund
D:3:      marbit_many_paths, bh_walls_and_bars
D:4:      minmay_temple_entry_statues, first_ration,
          minmay_a_box_with_orc_wizards_in_it
Temple:   nicolae_temple_hex_pool

Skill      XL: |  1  2  3  4  5  6 |
---------------+-------------------+-----
Stealth        | 2 3 |  3.7
Dodging        | 2 3 |  3.4
Fighting       | 1 2 3 |  3.3
Conjurations   | 2 3 |  3.3
Air Magic      | 4 |  4.4
Spellcasting   | |  2.4

Action                   |  1- 3 |  4- 6 |  7- 9 || total
-------------------------+-------+-------+-------++-------
Melee: Dagger            |    36 |    35 |       ||    71
       Tailslap          |     4 |     3 |       ||     7
       Morningstar       |       |    18 |       ||    18
Throw: Javelin           |       |     5 |       ||     5
 Cast: Shock             |   113 |   110 |       ||   223
  Use: Scroll            |       |     2 |       ||     2
       Potion            |       |     1 |       ||     1
  Eat: Chunk             |     7 |     9 |       ||    16
Armor: Skin              |    24 |    24 |       ||    48
Dodge: Dodged            |    30 |    75 |       ||   105

Table legend:
 A = Spawn XP
 B = Non-spawn XP
 C = Spawn XP percentage of total XP
 D = Spawn monster count
 E = Non-spawn monster count
 F = Spawn count percentage of total count
 G = Total turns spent on level
                    A         B        C        D         E        F      G
               +---------+---------+-------+---------+---------+-------+---------
         Total |       0 |     771 |   0.0 |       0 |     103 |   0.0 |  5019
               +---------+---------+-------+---------+---------+-------+---------
           D:1 |       0 |      61 |   0.0 |       0 |      40 |   0.0 |  1792
           D:2 |       0 |      55 |   0.0 |       0 |      17 |   0.0 |  1028
           D:3 |       0 |     222 |   0.0 |       0 |      31 |   0.0 |  1743
           D:4 |       0 |     433 |   0.0 |       0 |      15 |   0.0 |   360
               +---------+---------+-------+---------+---------+-------+---------
